 Dungeon Crawl Stone Soup version 0.18.1-8-gdd0e5ea (webtiles) character file.

46 shmeve the Chopper (level 3, 33/33 HPs)
             Began as a Minotaur Berserker on May 21, 2016.
             Was a Believer of Trog.
             Quit the game on level 2 of the Dungeon.
             The game lasted 00:02:06 (1077 turns).

shmeve the Chopper (Minotaur Berserker)             Turns: 1077, Time: 00:02:07

Health: 33/33      AC:  3    Str: 22    XL:     3   Next: 46%
Magic:  2/2        EV: 14    Int:  4    God:    Trog [**....]
Gold:   43         SH:  0    Dex:  9    Spells: 0 memorised, 2 levels left

rFire  . . .     SeeInvis .     a - +0 hand axe
rCold  . . .     Gourm    .     b - +0 animal skin
rNeg   . . .     Faith    .     (no shield)
rPois  .         Spirit   .     (helmet restricted)
rElec  .         Dismiss  .     (no cloak)
rCorr  .         Reflect  .     u - +0 pair of gloves
SustAt .         Harm     .     (no boots)
MR     .....     Rnd*Tele +     (no amulet)
Stlth  +.........               r - ring of teleportation (curse)
                                p - +2 ring of evasion

@: not resistant to hostile enchantments, very unstealthy
A: retaliatory headbutt, horns 2
a: Berserk, Trog's Hand, Burn Spellbooks, Renounce Religion


You were on level 2 of the Dungeon.
You worshipped Trog.
Trog was pleased with you.
You were hungry.

You visited 1 branch of the dungeon, and saw 2 of its levels.

You collected 43 gold pieces.

Inventory:

Hand Weapons
 a - a +0 hand axe (weapon)
Armour
 b - a +0 animal skin (worn)
 u - a +0 pair of gloves (worn)
Jewellery
 p - a +2 ring of evasion (left hand)
 r - a cursed ring of teleportation (right hand)
Scrolls
 m - 2 scrolls of remove curse {unknown}
 o - a scroll of noise {unknown}
 q - a scroll of random uselessness {unknown}
 s - a scroll of identify {unknown}
 t - a scroll of teleportation {unknown}
 v - a scroll of immolation {unknown}
Potions
 e - 2 potions of brilliance {unknown}
 h - a potion of heal wounds {unknown}
 i - a potion of magic {unknown}
 j - 4 potions of curing {unknown}
 n - a potion of degeneration {unknown}
Comestibles
 c - 2 bread rations
 g - 3 fruits
 l - a meat ration


   Skills:
 * Level 4.2 Fighting
 * Level 4.6 Axes
 + Level 2.7 Armour
 + Level 2.6 Dodging


You had 2 spell levels left.
You didn't know any spells.

Dungeon Overview and Level Annotations

Branches:
Dungeon (2/15)

Altars:
Ashenzari


Innate Abilities, Weirdness & Mutations

You reflexively headbutt those who attack you in melee.
You have a pair of horns on your head.


Message History

You enter the shallow water.
Moving in this stuff is going to be slow.
You are feeling hungry.
Put on which piece of jewellery? (? for menu, Esc to quit)
p - a +2 ring of evasion (left hand) Put on which piece of jewellery? (? for menu, Esc to quit)
You feel slightly jumpy.
Oops, that ring feels deathly cold.
r - a cursed ring of teleportation (right hand) Read which item? (? for menu, Esc to quit)
As you read the scroll labeled LEUDOSHR FUNKI, it crumbles to dust.
The scroll dissolves into smoke.
It was a scroll of fog.
Read which item? (? for menu, Esc to quit)
As you read the scroll labeled ASHRUA BOEWN, it crumbles to dust.
It is a scroll of amnesia.
You feel forgetful for a moment.
Read which item? (? for menu, Esc to quit)
As you read the scroll labeled WEAXZALIYKH, it crumbles to dust.
It is a scroll of recharging.
You aren't carrying any rechargeable items.
Are you sure you want to abandon this character and quit the game? (Confirm with "yes".)

########
#§§@§§.#
#.§#§§§.##
#.. ##♣§≈P#
#..
##♣≈.≈P♣#
#.
##≈P≈.≈≈≈♣
#
#≈≈≈≈.≈P≈♣#
#≈≈≈≈.≈≈≈≈#
#♣≈≈≈.≈≈≈♣#
♣≈P≈.P≈P♣


There were no monsters in sight!

Vanquished Creatures
  2 dart slugs (D:1)
  2 giant cockroaches (D:2)
  5 goblins
  8 hobgoblins
  4 jackals (D:1)
  7 bats
  3 giant newts
  3 kobolds
  4 rats
38 creatures vanquished.

Notes
Turn   | Place    | Note
--------------------------------------------------------------
     0 | D:1      | shmeve the Minotaur Berserker began the quest for the Orb.
     0 | D:1      | Reached XP level 1. HP: 19/19 MP: 0/0
   186 | D:1      | Reached XP level 2. HP: 24/27 MP: 1/1
   640 | D:1      | Reached ** piety under Trog
   683 | D:1      | Reached XP level 3. HP: 31/33 MP: 2/2
   825 | D:2      | Found a shattered altar of Ashenzari.
  1077 | D:2      | Quit the game

Skill      XL: |  1  2 |
---------------+-------+-----
Axes           | 4 |  4.6
Fighting       | 4 |  4.2
Armour         | |  2.7
Dodging        | |  2.6

Action                   || total
-------------------------++-------
Melee: Hand axe          ||    50
       Headbutt          ||     7
  Use: Scroll            ||     3
 Stab: Sleeping          ||     1
Armor: Animal skin       ||     9
Dodge: Dodged            ||    47
